 Dungeon Crawl Stone Soup version 0.30-a0-793-g160f7cfddd (webtiles) character file.

Game seed: 15516945911281927644

1792 cheesebisquit the Frost Mage (level 9, -2/64 HPs)
             Began as a Merfolk Ice Elementalist on Feb 19, 2023.
             Was a Believer of Vehumet.
             Slain by a bullfrog (5 damage)
             ... on level 7 of the Dungeon.
             The game lasted 00:35:23 (7346 turns).

cheesebisquit the Frost Mage (MfIE)                 Turns: 7346, Time: 00:35:24

Health: -2/64      AC: 13    Str:  8    XL:     9   Next: 9%
Magic:  13/27      EV: 14    Int: 19    God:    Vehumet [**....]
Gold:   233        SH:  0    Dex: 14    Spells: 10/21 levels left

rFire   + . .      SeeInvis .    A - +0 halberd
rCold   . . .      Faith    .    (shield currently unavailable)
rNeg    . . .      Spirit   .    H - +1 robe {rF+}
rPois   .          Reflect  .    F - +0 helmet
rElec   .          Harm     .    (no cloak)
rCorr   .          Rampage  .    l - +0 pair of gloves
Will    +....                    (no boots)
Stlth   ++                       (no amulet)
HPRegen 0.30/turn                k - ring of willpower
MPRegen 0.20/turn                d - ring of magical power

@: ice-armoured, freezing walls
A: (nimble swimmer 2), mertail
a: Renounce Religion


You were on level 7 of the Dungeon.
You worshipped Vehumet.
Vehumet was pleased with you.
You visited 2 branches of the dungeon, and saw 8 of its levels.

You collected 233 gold pieces.

Inventory:

Hand Weapons
 b - a +1 heavy dire flail
 A - a +0 halberd (weapon)
Missiles
 p - 10 poisoned darts
 q - 3 throwing nets
Armour
 l - a +0 pair of gloves (worn)
 D - the +2 ring mail of Elitism {Will+ Regen+}
   (You found it on level 5 of the Dungeon)

   Regen:     It increases your rate of health regeneration.
   Will:      It increases your willpower.
 F - a +0 helmet (worn)
 H - a +1 robe of fire resistance (worn)
Jewellery
 c - an amulet of guardian spirit
 d - a ring of magical power (right hand)
 k - a ring of willpower (left hand)
 m - an amulet of faith
Wands
 v - a wand of flame (17)
Scrolls
 f - 4 scrolls of blinking {unknown}
 h - 8 scrolls of identify {unknown}
 i - a scroll of enchant armour {unknown}
 j - 2 scrolls of amnesia {unknown}
 o - 4 scrolls of teleportation {unknown}
 t - a scroll of silence {unknown}
 x - 5 scrolls of immolation {unknown}
 y - 2 scrolls of noise {unknown}
 G - a scroll of poison {unknown}
Potions
 e - a potion of brilliance {unknown}
 g - 2 potions of degeneration {unknown}
 n - 3 potions of flight {unknown}
 r - 2 potions of might
 s - a potion of haste {unknown}
 u - a potion of attraction {unknown}
 w - 3 potions of lignification {unknown}
 z - a potion of mutation {unknown}
 B - a potion of cancellation {unknown}
 C - 2 potions of curing
 E - 2 potions of magic


   Skills:
 + Level 3.3 Fighting
 + Level 4.0 Polearms
 - Level 1.0 Armour
 + Level 4.9 Dodging
 - Level 2.1 Stealth
 + Level 6.5 Spellcasting
 + Level 8.8 Ice Magic


You had 10 spell levels left.
You knew the following spells:

 Your Spells              Type           Power      Damage    Failure   Level
a - Freeze                Ice            100%       1d10      1%          1
c - Summon Ice Beast      Ice/Summ       23%        N/A       17%         4
x - Ozocubu's Armour      Ice            39%        N/A       1%          3
z - Frozen Ramparts       Ice            78%        1d12      1%          3

Your spell library contained the following spells:

 Spells                   Type           Power      Damage    Failure   Level
 Kiss of Death            Conj/Necr      24%        2d7       11%         1
 Necrotise                Necr           24%        1d5       11%         1
 Dazzling Flash           Conj/Hex       12%        N/A       32%         3
 Tukima's Dance           Hex            6%         N/A       32%         3
 Vampiric Draining        Necr           6%         2d6       32%         3
 Vhi's Electric Charge    Tloc/Air       12%        N/A       32%         3
 Manifold Assault         Tloc           6%         N/A       71%         4
 Passage of Golubria      Tloc           6%         N/A       71%         4
 Agony                    Necr           6%         N/A       96%         5
 Arcjolt                  Conj/Air       3%         1d13      96%         5
 Silence                  Hex/Air        3%         N/A       96%         5
 Yara's Violent Unravell  Hex/Tmut       3%         3d4       96%         5
 Dispersal                Tloc           3%         N/A       100%        6
 Disjunction              Tloc           3%         N/A       100%        8
 Maxwell's Capacitive Co  Air            3%         ∞         100%        8


Dungeon Overview and Level Annotations

Branches:
Dungeon (7/15)             Temple (1/1) D:4

Altars:
Ashenzari
Cheibriados
Elyvilon
Fedhas
Gozag
Hepliaklqana
Kikubaaqudgha
Makhleb
Nemelex Xobeh
Trog
Vehumet
Wu Jian
Xom
Yredelemnul
Zin

Annotations:
D:5 1 runed translucent door, demibob's ghost, novice MiFi


Innate Abilities, Weirdness & Mutations

((You are very nimble when in or above water. (Stealth+, EV+, Speed+++)))
Your lower body shifts to a powerful aquatic tail in water.


Message History

You closely miss Dowan.
Dowan is moderately wounded.
The wall freezes Dowan!
Dowan points at you and mumbles some strange words.
The stone arrow hits you!
* * * LOW HITPOINT WARNING * * *
The wall freezes the hound.
The wall freezes Dowan!
Dowan completely misses you.
The wall freezes the hound.
The hound bites you but does no damage.
You feel better.
The wall freezes Dowan!
You kill Dowan!
Vehumet accepts your kill.
The wall freezes the hound but does no damage.
The hound barely misses you.
The wall freezes the hound.
You kill the hound!
Vehumet accepts your kill.
You feel your power returning.
Your Polearms skill increases to level 4!
Your icy armour cracks and falls away as you move.
The frozen ramparts melt away as you move.
Items here: )) [[ †.
Okay, then.
You see here a hound corpse.
An orc warrior comes into view. It is wielding a +0 glaive.
Casting: Freeze (safe; 1% risk of failure)
Confirm with . or Enter, or press ? or * to list all spells.
Casting: Frozen Ramparts (safe; 1% risk of failure)
Press: ? - help, Dir - look around, f - activate The walls around you are covered in ice.
The orc warrior shouts!
You hear a shout!
You hear an angry buzzing noise.
You hear a shout!
An orc comes into view. It is wielding a +0 war axe.
The wall freezes the orc warrior but does no damage.
The orc warrior hits you from afar with a +0 glaive!!
* * * LOW HITPOINT WARNING * * *
Casting: Frozen Ramparts (safe; 1% risk of failure)
Confirm with . or Enter, or press ? or * to list all spells.
A film of ice covers your body!
The wall freezes the bullfrog!
The bullfrog seems to slow down.
The bullfrog hits you.
You die...

#...#...h. #.
#........###..
###...##.....o.#
...............
#.............
#...##...).....
#.......$....?..
#..<.Fo#####....
#...@#.#........
#...............
#........##..#.#
#.....#.### ##
#.##.##†###....
... #.##........
..##
#.##)##.#### ..
#.##.# #
..........#


You could see an orc warrior, a bullfrog (slow) and an orc.

Vanquished Creatures
  Prince Ribbit (D:6)
  Menkaure (D:6)
  Edmund (D:5)
  Duvessa (D:7)
  An ice beast (D:5)
  A sky beast (D:6)
  An ogre (D:6)
  A phantom (D:6)
  Blork the orc (D:6)
  3 scorpions
  Dowan (D:7)
  A crimson imp (D:5)
  4 hounds
  2 orc priests
  Jessica (D:2)
  Natasha (thrice) (D:3)
  2 iguanas (D:5)
  An orc wizard (D:5)
  11 adders
  4 gnolls
  2 white imps (D:5)
  2 worms
  A dart slug (D:1)
  32 orcs
  5 ball pythons
  3 bat zombies (D:3)
  2 endoplasms
  A giant cockroach (D:2)
  15 goblins
  11 hobgoblins
  3 jackals (D:2)
  A quokka (D:2)
  2 bats
  5 frilled lizards
  15 kobolds
  A rat (D:1)
  3 rat zombies (D:3)
146 creatures vanquished.

Vanquished Creatures (others)
  23 plants (D:5)
23 creatures vanquished.

Grand Total: 169 creatures vanquished

Notes
Turn   | Place    | Note
-------+----------+-------------------------------------------
     0 | D:1      | cheesebisquit the Merfolk Ice Elementalist began the quest
                  | for the Orb.
     0 | D:1      | Reached XP level 1. HP: 13/13 MP: 3/3
   279 | D:1      | Reached XP level 2. HP: 19/19 MP: 1/5
  1244 | D:2      | Reached skill level 5 in Ice Magic
  1244 | D:2      | Reached XP level 3. HP: 10/24 MP: 2/7
  1326 | D:2      | Found a faded altar of an unknown god.
  1453 | D:2      | Found a hazy altar of Hepliaklqana.
  2067 | D:2      | Noticed Jessica
  2074 | D:2      | Killed Jessica
  2075 | D:2      | Reached XP level 4. HP: 24/30 MP: 5/8
  2182 | D:2      | Learned a level 3 spell: Frozen Ramparts
  2186 | D:2      | Learned a level 3 spell: Ozocubu's Armour
  2187 | D:3      | Noticed Natasha
  2267 | D:3      | Killed Natasha
  2268 | D:3      | Reached XP level 5. HP: 11/35 MP: 2/10
  2383 | D:3      | Noticed Natasha
  2389 | D:3      | Killed Natasha
  2609 | D:3      | Noticed Natasha
  2661 | D:3      | Killed Natasha
  2662 | D:3      | Reached skill level 6 in Ice Magic
  2708 | D:3      | Found a blossoming altar of Fedhas.
  2752 | D:3      | Reached XP level 6. HP: 41/41 MP: 2/12
  3088 | D:3      | Found an ancient bone altar of Kikubaaqudgha.
  3193 | D:4      | Found a staircase to the Ecumenical Temple.
  3211 | Temple   | Entered the Ecumenical Temple
  3280 | Temple   | Became a worshipper of Vehumet
  3293 | D:4      | Identified the +4 dagger of the Whelk {heavy, rPois}
  3562 | D:4      | Found a bloodstained altar of Trog.
  3577 | D:4      | Found a white marble altar of Elyvilon.
  3711 | D:4      | Found an ornate altar of the Wu Jian Council.
  3811 | D:4      | Reached skill level 5 in Spellcasting
  3811 | D:4      | Reached skill level 7 in Ice Magic
  3811 | D:4      | Reached XP level 7. HP: 30/46 MP: 7/14
  3816 | D:4      | Learned a level 4 spell: Summon Ice Beast
  4103 | D:5      | Entered Level 5 of the Dungeon
  4148 | D:5      | Found a shimmering altar of Xom.
  4332 | D:5      | Noticed Edmund
  4362 | D:5      | Killed Edmund
  4879 | D:5      | Reached skill level 8 in Ice Magic
  5130 | D:5      | Identified the +2 ring mail of Elitism {Will+ Regen+}
  5177 | D:5      | Found a runed translucent door.
  5178 | D:5      | Noticed demibob's ghost (novice MiFi)
  5270 | D:5      | Reached XP level 8. HP: 53/53 MP: 16/16
  5325 | D:5      | Reached skill level 1 in Polearms
  5401 | D:5      | Reached * piety under Vehumet
  5401 | D:5      | Offered knowledge of Shock by Vehumet.
  5655 | D:6      | Noticed Menkaure
  5676 | D:5      | Reached skill level 1 in Fighting
  5725 | D:6      | Killed Menkaure
  6305 | D:6      | Noticed Blork the orc
  6317 | D:6      | Killed Blork the orc
  6318 | D:6      | Reached skill level 1 in Armour
  6510 | D:6      | Offered knowledge of Kiss of Death by Vehumet.
  6564 | D:6      | Reached ** piety under Vehumet
  6827 | D:6      | Noticed Prince Ribbit
  6842 | D:6      | Killed Prince Ribbit
  7016 | D:6      | Found a basalt altar of Yredelemnul.
  7238 | D:7      | Noticed a hornet
  7291 | D:7      | Noticed Duvessa
  7291 | D:7      | Noticed Dowan
  7326 | D:7      | Killed Duvessa
  7327 | D:7      | Reached XP level 9. HP: 31/63 MP: 18/18
  7336 | D:7      | Killed Dowan
  7345 | D:7      | HP: 3/64 [orc warrior/+0 glaive (20)]
  7346 | D:7      | Slain by a bullfrog

Illustrated notes

Levels and vault maps discovered:
D:1:      dpeg_arrival_boxes_within_box, layout_basic
D:2:      layout_loops_corners, hellmonk_ecumenical_altar_arch_garden,
          basic_altar, uniq_jessica
D:3:      layout_rooms, lemuel_zombie_altar_kikubaaqudgha, lemuel_round_altar,
          nicolae_figureground_pulse, uniq_natasha
D:4:      layout_basic, mainiacjoe_overflow_alcove_1, mainiacjoe_overflow_swirl,
          minmay_temple_entry_antechambers
D:5:      layout_cave_pools, mainiacjoe_overflow_cross_hatched,
          gammafunk_ghost_grave, minmay_fire_ice_demons, uniq_edmund
D:6:      corexii_shantytown, layout_basic, yredelemnul_altar_generic,
          nrook_mini_vaults, minmay_tree_intersection, uniq_menkaure,
          uniq_prince_ribbit1, uniq_blork_the_orc
D:7:      layout_rooms, mainiacjoe_overflow_small_starburst, okawaru_humans,
          uniq_duvessa
Temple:   hellmonk_temple_two_chambers

Skill      XL: |  1  2  3  4  5  6  7  8  9 |
---------------+----------------------------+-----
Ice Magic      | 5 6 7 8 |  8.8
Spellcasting   | 3 4 5 6 |  6.5
Polearms       | 3 4 |  4.0
Dodging        | 4 |  4.9
Fighting       | 3 |  3.3
Armour         | 1 |  1.0
Stealth        | |  2.1

Action                     |  1- 3 |  4- 6 |  7- 9 || total
---------------------------+-------+-------+-------++-------
  Melee: Unarmed           |     3 |       |       ||     3
         Punch             |     1 |       |     1 ||     2
         Club              |       |    36 |    14 ||    50
         Dire flail        |       |       |    22 ||    22
         Halberd           |       |       |    60 ||    60
   Cast: Freeze            |    48 |    50 |    33 ||   131
         Frozen Ramparts   |       |     8 |    44 ||    52
         Ozocubu's Armour  |       |     5 |    36 ||    41
  Evoke: Wand              |       |       |     4 ||     4
    Use: Potion            |     1 |       |     2 ||     3
   Stab: Sleeping          |       |       |     1 ||     1
 Armour: Robe              |     5 |    30 |    25 ||    60
         Ring mail         |       |       |    23 ||    23
  Dodge: Dodged            |    23 |    63 |    93 ||   179

Table legend: (Time is in decaauts)
 A = Elapsed time spent in this place.
 B = Non-inter-level travel time spent in this place.
 C = Inter-level travel time spent in this place.
 D = Time resting spent in this place.
 E = Time spent auto-exploring this place.
 F = Levels seen in this place.
 G = Mean time per level.
                   A        B        C        D        E       F      G
               +--------+--------+--------+--------+--------+-----+--------+
         Total |   7403 |   6989 |    414 |    705 |   5086 |   8 |  925.4 |
       Dungeon |   7329 |   6925 |    404 |    705 |   5026 |   7 | 1047.0 |
        Temple |     73 |     63 |     10 |      0 |     60 |   1 |   73.0 |
               +--------+--------+--------+--------+--------+-----+--------+

Top non-repeatable levels by time:
     D:6: 1613 daAuts
     D:5: 1543 daAuts
     D:2: 1273 daAuts
     D:1: 1069 daAuts
     D:4: 969 daAuts
     D:3: 794 daAuts
  Temple: 73 daAuts
     D:7: 66 daAuts
